[Event "Titled Tuesday Blitz March 22 Late 2022"]
[White "Cavanah, Troy"]
[Black "Kashefi, Amir Hosein"]
[WhiteFideId "30949670"]
[BlackFideId "12557935"]
[WhiteElo "1878"]
[BlackElo "2107"]
[Result "1/2-1/2"]
[Round "05"]
[TimeControl "180+1"]
[Date "2022.03.22"]
[WhiteClock "0:00:25"]
[BlackClock "0:00:02"]

1. e4 c6 2. d4 d5 3. e5 Bf5 4. Nf3 e6 5. Be2 Ne7 6. O-O Bg6 7. Nbd2 Nd7 8. Nh4 a6 9. a4 Nf5 10. Nxg6 hxg6 11. Nf3 c5 12. c3 Rc8 13. a5 cxd4 14. cxd4 Bb4 15. Qa4 Be7 16. Bd2 O-O 17. Rac1 Nb8 18. Qb3 Qd7 19. Bb4 Rxc1 20. Rxc1 Rc8 21. Rc3 Bxb4 22. Qxb4 Nc6 23. Qb6 Nce7 24. g4 Nh6 25. h3 Rxc3 26. bxc3 Qc8 27. Kg2 Nc6 28. Nd2 Kh7 29. c4 dxc4 30. Nxc4 Ne7 31. Nd6 Qc6+ 32. Bf3 Nd5 33. Qxc6 bxc6 34. Bxd5 cxd5 35. Ne8 Ng8 36. Nc7 Ne7 37. Nxa6 Nc6 38. Nc7 Nxa5 39. Kf3 g5 40. Ke3 Nc4+ 41. Kd3 Nb2+ 42. Kd2 g6 43. Kc2 Nc4 44. Kc3 Kg8 45. Ne8 Nb6 46. Nf6+ Kg7 47. Ne8+ Kf8 48. Nf6 Kg7 49. Ne8+ Kh6 50. Nf6 Na4+ 51. Kd3 Nb2+ 52. Ke3 Nd1+ 53. Ke2 Nc3+ 54. Kd3 Nd1 55. Ng8+ Kg7 56. Nf6 Nxf2+ 57. Ke2 Nxh3 58. Kf3 Nf4 59. Ne8+ Kf8 60. Nf6 Kg7 61. Ne8+ Kh6 62. Nd6 Kg7 63. Ne8+ 1/2-1/2


[Site "https://www.chess.com"]

[Event "Titled Tuesday Blitz March 22 Late 2022"]
[White "Chyngyz, Sultai"]
[Black "Rolfe, Warrick"]
[WhiteFideId "13803158"]
[BlackFideId "2603802"]
[WhiteElo "1365"]
[BlackElo "2558"]
[Result "0-1"]
[Round "05"]
[TimeControl "180+1"]
[Date "2022.03.22"]
[WhiteClock "0:00:01"]
[BlackClock "0:00:14"]

1. e4 c5 2. Nf3 Nc6 3. d4 cxd4 4. Nxd4 e5 5. Nb5 d6 6. N1c3 a6 7. Na3 b5 8. Nd5 Nge7 9. Be3 Nxd5 10. Qxd5 Bb7 11. c4 b4 12. Nc2 Qc7 13. Qd2 a5 14. Bd3 Be7 15. O-O O-O 16. f4 exf4 17. Bxf4 Ne5 18. Nd4 Nxc4 19. Qc2 Qb6 20. Qxc4 Rac8 21. Qb5 Qxd4+ 22. Kh1 Bc6 23. Qa6 Qxb2 24. Qxa5 f5 25. Rab1 Qd4 26. Ba6 Qxe4 27. Rb2 Bf6 28. Rbf2 Ra8 29. h3 Bb7 30. Bxb7 Rxa5 31. Bxe4 fxe4 32. Bxd6 Rfa8 33. Bxb4 Rxa2 34. Rxa2 Rxa2 35. Re1 Rb2 36. Rxe4 Kf7 37. Kh2 Kg6 38. Rg4+ Kf5 39. Bd6 h5 40. Rf4+ Ke6 41. Bc7 Rc2 42. Bb8 Rc8 43. Re4+ Kf5 44. Rf4+ Ke6 45. Re4+ Kd5 46. Rb4 Rxb8 47. Rxb8 Be5+ 48. Kg1 Bxb8 49. Kf2 Ke4 50. g4 h4 51. Ke2 Ba7 52. g5 Kf4 53. g6 Kg3 54. Kd3 Kxh3 55. Ke4 Kg3 56. Kf5 h3 57. Ke6 h2 58. Kf7 Bd4 59. Kg8 h1=Q 60. Kf7 Qd5+ 61. Kf8 Bf6 62. Ke8 Qd8+ 63. Kf7 Qe7+ 64. Kg8 Qe4 65. Kf7 Kg4 66. Kg8 Qxg6 67. Kf8 Qh6 68. Kf7 Bb2 69. Kg8 Kf5 70. Kf7 g5 71. Kg8 Qg7# 0-1


[Site "https://www.chess.com"]

[Event "Titled Tuesday Blitz March 22 Late 2022"]
[White "Clawitter, Craig"]
[Black "Bibasa, Bob"]
[WhiteFideId "2023105"]
[BlackFideId "10000240"]
[WhiteElo "2205"]
[BlackElo "2056"]
[Result "1-0"]
[Round "05"]
[TimeControl "180+1"]
[Date "2022.03.22"]
[WhiteClock "0:00:04"]
[BlackClock "0:01:34"]

1. e4 c5 2. Nf3 d6 3. d4 cxd4 4. Nxd4 Nf6 5. Nc3 a6 6. Be3 e5 7. Nb3 Be6 8. f3 Be7 9. Qd2 h5 10. Nd5 Nxd5 11. exd5 Bf5 12. Be2 Nd7 13. O-O O-O 14. c4 a5 15. Rac1 a4 16. Na1 b6 17. Nc2 Nc5 18. Nb4 Qd7 19. Nc6 Bf6 20. Bxc5 bxc5 21. f4 exf4 22. Bxh5 Bg5 23. Rce1 Rae8 24. b4 axb3 25. axb3 g6 26. Bd1 Re3 27. Bc2 Bxc2 28. Qxc2 Rfe8 29. Rxe3 fxe3 30. Qd3 e2 31. Re1 Be3+ 32. Kh1 Qg4 33. Qxe2 Qxe2 34. Rxe2 Kf8 35. g3 f5 36. Kg2 g5 37. Kf3 f4 38. gxf4 gxf4 39. b4 cxb4 40. Nxb4 Rb8 41. Nc2 Bc1 42. Nd4 Rb4 43. Ne6+ Kf7 44. Nxf4 Rxc4 45. Nd3 Rc3 46. Ke4 Bg5 47. Rf2+ Ke7 48. Rf5 Rc4+ 49. Kf3 Bf6 50. Ke2 Bd4 51. h4 Rc2+ 52. Kf3 Rh2 53. Kg4 Bf6 54. Rh5 Rg2+ 55. Kf3 Rd2 56. Nf4 Be5 57. Ng6+ Kf6 58. Nxe5 dxe5 59. Rh6+ Kf5 60. d6 e4+ 61. Ke3 Rd3+ 62. Ke2 Rd5 63. Rh5+ Ke6 64. Rxd5 1-0


[Site "https://www.chess.com"]

[Event "Titled Tuesday Blitz March 22 Late 2022"]
[White "Coelho, Ramyres Santana"]
[Black "Jaskolka, Tomasz"]
[WhiteFideId "2120690"]
[BlackFideId "1170791"]
[WhiteElo "1888"]
[BlackElo "2073"]
[Result "0-1"]
[Round "05"]
[TimeControl "180+1"]
[Date "2022.03.22"]
[WhiteClock "0:00:27"]
[BlackClock "0:00:47"]

1. e4 c5 2. Nf3 e6 3. d4 cxd4 4. c3 d3 5. Bxd3 Nc6 6. O-O a6 7. Qe2 g6 8. e5 Bg7 9. Bg5 Qc7 10. Nbd2 Nxe5 11. Nxe5 Qxe5 12. Qxe5 Bxe5 13. Nc4 Bc7 14. Rae1 b5 15. Nd2 f6 16. Bh4 Bb7 17. Ne4 Bxe4 18. Bxe4 Rb8 19. f4 Kf7 20. Rd1 d5 21. Bc2 Ne7 22. g4 h5 23. g5 f5 24. Rde1 Nc8 25. Re2 Nd6 26. Rd1 Rhe8 27. Bf2 Bb6 28. Bxb6 Rxb6 29. h4 b4 30. Ba4 Rd8 31. Bb3 bxc3 32. bxc3 Ne4 33. Rd3 Rc8 34. Ree3 Rbc6 35. c4 dxc4 36. Rd7+ Ke8 37. Rg7 cxb3 38. axb3 Rc1+ 39. Kg2 R8c2+ 40. Kh3 Rh1# 0-1


[Site "https://www.chess.com"]

[Event "Titled Tuesday Blitz March 22 Late 2022"]
[White "Costachi, Mihnea"]
[Black "Iskusnyh, Sergei"]
[WhiteFideId "1217518"]
[BlackFideId "4120027"]
[WhiteElo "2464"]
[BlackElo "2492"]
[Result "1-0"]
[Round "05"]
[TimeControl "180+1"]
[Date "2022.03.22"]
[WhiteClock "0:01:42"]
[BlackClock "0:00:05"]

1. d4 d5 2. c4 c6 3. Nf3 Nf6 4. Nc3 dxc4 5. e4 b5 6. Be2 Bb7 7. O-O e6 8. b3 Bb4 9. e5 Bxc3 10. exf6 Qxf6 11. Bg5 Qg6 12. Rc1 Bb2 13. bxc4 Ba3 14. Rb1 Bb2 15. Rxb2 O-O 16. cxb5 cxb5 17. Rxb5 Bd5 18. Bf4 Nc6 19. Bg3 Rad8 20. Bd3 Qh5 21. Be4 Ne7 22. Bxd5 Nxd5 23. Ra5 Rb8 24. Bxb8 Rxb8 25. Ne5 Qg5 26. Qg4 Qd2 27. Rxa7 h6 28. Rxf7 g5 29. Qxe6 Rb1 30. Qe8# 1-0


[Site "https://www.chess.com"]

[Event "Titled Tuesday Blitz March 22 Late 2022"]
[White "Curtis, John"]
[Black "Milosevic, Milos"]
[WhiteFideId "3200256"]
[BlackFideId "964875"]
[WhiteElo "2203"]
[BlackElo "2237"]
[Result "1/2-1/2"]
[Round "05"]
[TimeControl "180+1"]
[Date "2022.03.22"]
[WhiteClock "0:00:49"]
[BlackClock "0:00:15"]

1. e4 e5 2. Nf3 Nc6 3. Bb5 a6 4. Bxc6 dxc6 5. O-O f6 6. d4 Bg4 7. dxe5 Qxd1 8. Rxd1 fxe5 9. Rd3 Bxf3 10. Rxf3 Nf6 11. Nc3 Bd6 12. Bg5 Nd7 13. Be3 Rf8 14. Rxf8+ Nxf8 15. f3 Ne6 16. Ne2 a5 17. Rd1 a4 18. Kf2 Bc5 19. Bxc5 Nxc5 20. Ke3 Rd8 21. Rxd8+ Kxd8 22. g3 Ke7 23. Nc1 Ke6 24. Nd3 Nd7 25. f4 g6 26. Nxe5 Nxe5 27. fxe5 Kxe5 28. Kd3 c5 29. c4 Kf6 30. Ke3 Ke5 31. h4 c6 32. b3 a3 33. g4 h6 34. g5 h5 35. Kf3 b6 36. Ke3 b5 37. Kf3 b4 38. Ke3 Ke6 39. Kf4 Kd6 40. Kf3 Ke6 41. Ke2 Kf7 42. Kf2 Ke6 43. Ke2 Ke5 44. Ke3 1/2-1/2


[Site "https://www.chess.com"]

[Event "Titled Tuesday Blitz March 22 Late 2022"]
[White "Daianu, Cristian-Clement"]
[Black "Antonio, Jorge Carlos"]
[WhiteFideId "1208926"]
[BlackFideId "113190"]
[WhiteElo "2159"]
[BlackElo "2247"]
[Result "0-1"]
[Round "05"]
[TimeControl "180+1"]
[Date "2022.03.22"]
[WhiteClock "0:00:22"]
[BlackClock "0:01:07"]

1. d4 d5 2. Nf3 c6 3. Bf4 Nf6 4. e3 Bg4 5. h3 Bxf3 6. Qxf3 e6 7. Nc3 Qa5 8. Bd3 Ba3 9. O-O Bxb2 10. Ne2 Bxa1 11. Rxa1 O-O 12. Rb1 b6 13. Ng3 Nbd7 14. e4 dxe4 15. Nxe4 Nxe4 16. Qxe4 Nf6 17. Qf3 Qd5 18. Qe2 Qxd4 19. Be5 Qd8 20. Rb4 Nd7 21. Bxh7+ Kxh7 22. Qh5+ Kg8 23. Bxg7 f5 24. Rh4 Kxg7 25. Qh7+ Kf6 26. Rh6+ Ke5 27. Qg7+ Kd6 28. f4 Rg8 29. Qd4+ Kc7 30. Rxe6 Nc5 31. Qe5+ Kb7 32. Re7+ Ka6 33. Qe2+ b5 34. Qe3 Qd1+ 35. Kh2 Kb6 36. Re5 Qxc2 0-1


[Site "https://www.chess.com"]

[Event "Titled Tuesday Blitz March 22 Late 2022"]
[White "Deac, Bogdan-Daniel"]
[Black "Aravindh, Chithambaram VR."]
[WhiteFideId "1226380"]
[BlackFideId "5072786"]
[WhiteElo "2646"]
[BlackElo "2561"]
[Result "0-1"]
[Round "05"]
[TimeControl "180+1"]
[Date "2022.03.22"]
[WhiteClock "0:00:02"]
[BlackClock "0:00:04"]

1. d4 g6 2. e4 Bg7 3. Nc3 d6 4. Be3 a6 5. g4 b5 6. Bg2 Bb7 7. h4 h5 8. gxh5 Rxh5 9. Nge2 e6 10. Bg5 Bf6 11. Ng3 Rh8 12. Bxf6 Nxf6 13. h5 gxh5 14. Nxh5 Nxh5 15. Rxh5 Rg8 16. Qf3 Nd7 17. Qh3 Qf6 18. Ne2 Qg7 19. Bf3 Nf6 20. e5 Bxf3 21. Qxf3 Nd5 22. O-O-O Ke7 23. exd6+ cxd6 24. Nc3 Nxc3 25. Qb7+ Kf6 26. bxc3 Qg4 27. Rdh1 Raf8 28. Qc7 Qf4+ 29. Kb2 Rg6 30. R5h3 b4 31. cxb4 Qxd4+ 32. Kb3 Qd5+ 33. Kb2 Qe5+ 34. Ka3 a5 35. b5 Qd5 36. c4 Qd2 37. Rf3+ Kg7 38. Qb6 Qb4# 0-1


[Site "https://www.chess.com"]

[Event "Titled Tuesday Blitz March 22 Late 2022"]
[White "Dias, Joao Batista"]
[Black "Rosenberg, Evan S"]
[WhiteFideId "2108240"]
[BlackFideId "2019299"]
[WhiteElo "1898"]
[BlackElo "2337"]
[Result "0-1"]
[Round "05"]
[TimeControl "180+1"]
[Date "2022.03.22"]
[WhiteClock "0:00:27"]
[BlackClock "0:00:13"]

1. e4 e5 2. Nf3 Nc6 3. Bc4 Bc5 4. d3 Nf6 5. h3 d6 6. c3 a6 7. Bb3 h6 8. O-O Ba7 9. Qe2 g5 10. Nh2 Rg8 11. Be3 h5 12. Bxa7 Rxa7 13. f3 Be6 14. Nd2 Qd7 15. Kh1 Ne7 16. Rad1 Ng6 17. Qe3 c5 18. Qxg5 Qe7 19. Bxe6 fxe6 20. Qe3 Nf4 21. Rf2 b5 22. d4 h4 23. dxe5 dxe5 24. Nb3 Rc7 25. Ng4 Nxg4 26. fxg4 c4 27. Nc1 Rd7 28. Rfd2 Rxd2 29. Rxd2 Kf7 30. Qf2 Kg6 31. Qf3 Rd8 32. Qd1 Rxd2 33. Qxd2 Qb7 34. Qd7 Qxd7 0-1


[Site "https://www.chess.com"]

[Event "Titled Tuesday Blitz March 22 Late 2022"]
[White "Djokic, Mihailo"]
[Black "Urazayev, Arystanbek"]
[WhiteFideId "976440"]
[BlackFideId "13709810"]
[WhiteElo "2093"]
[BlackElo "2393"]
[Result "0-1"]
[Round "05"]
[TimeControl "180+1"]
[Date "2022.03.22"]
[WhiteClock "0:00:11"]
[BlackClock "0:00:54"]

1. e4 c5 2. Nf3 d6 3. d4 cxd4 4. Nxd4 Nf6 5. Nc3 Nc6 6. Bg5 e6 7. Qd2 a6 8. O-O-O Bd7 9. f4 Be7 10. Kb1 b5 11. Nf3 b4 12. Bxf6 Bxf6 13. Ne2 Be7 14. Ned4 Nxd4 15. Qxd4 O-O 16. Bd3 a5 17. e5 d5 18. h4 h6 19. f5 exf5 20. Qf4 a4 21. Bxf5 b3 22. Rxd5 Bxf5 23. Rxd8 Bxc2+ 24. Ka1 Rfxd8 25. Nd4 Rac8 26. Rf1 Bg6 27. a3 Rc4 28. Rd1 Bc5 29. e6 Rcxd4 30. Rxd4 Rxd4 31. Qc1 Bc2 0-1


[Site "https://www.chess.com"]

[Event "Titled Tuesday Blitz March 22 Late 2022"]
[White "Dolzhykova, Kateryna"]
[Black "Fajdetic, Hrvoje"]
[WhiteFideId "14113414"]
[BlackFideId "14501945"]
[WhiteElo "2184"]
[BlackElo "2172"]
[Result "0-1"]
[Round "05"]
[TimeControl "180+1"]
[Date "2022.03.22"]
[WhiteClock "0:00:05"]
[BlackClock "0:00:24"]

1. e4 e6 2. d3 c5 3. g3 Nc6 4. Bg2 d6 5. Nf3 e5 6. O-O g6 7. Nc3 Bg7 8. Nh4 Nge7 9. f4 f5 10. exf5 Nxf5 11. Nxf5 Bxf5 12. Bd5 Qb6 13. fxe5 Nxe5 14. Rxf5 gxf5 15. Qh5+ Ng6 16. Bh6 Bd4+ 17. Kg2 O-O-O 18. Qxf5+ Kb8 19. Ne2 Ne7 20. Qe6 Nxd5 21. Qxd5 Qxb2 22. Rc1 Rhe8 23. Qf3 Qxa2 24. Nxd4 cxd4 25. Bf4 Ka8 26. h4 Rc8 27. Qf2 Qd5+ 28. Kh2 Re6 29. Rd1 Rce8 30. Rd2 Re1 31. Qg2 Qxg2+ 32. Kxg2 R8e2+ 33. Kf3 Rxd2 34. Bxd2 Rh1 35. g4 Rxh4 36. Bf4 Rh1 37. Bxd6 Rc1 38. Be5 Rxc2 39. Bxd4 a5 40. Be5 a4 41. d4 a3 42. d5 a2 43. d6 Rd2 44. Ke4 Rxd6 0-1


[Site "https://www.chess.com"]

[Event "Titled Tuesday Blitz March 22 Late 2022"]
[White "Donchenko, Alexander"]
[Black "Taichman, Ori"]
[WhiteFideId "24603295"]
[BlackFideId "2804069"]
[WhiteElo "2539"]
[BlackElo "2227"]
[Result "1-0"]
[Round "05"]
[TimeControl "180+1"]
[Date "2022.03.22"]
[WhiteClock "0:01:19"]
[BlackClock "0:00:14"]

1. Nf3 Nf6 2. c4 g6 3. Nc3 Bg7 4. e4 O-O 5. d4 d6 6. Be2 e5 7. O-O Nc6 8. d5 Ne7 9. b4 Ne8 10. c5 f5 11. a4 Nf6 12. Bg5 fxe4 13. Nd2 Bf5 14. Bxf6 Bxf6 15. Ndxe4 Bxe4 16. Nxe4 Nf5 17. Bg4 Nd4 18. cxd6 cxd6 19. Rc1 Bg5 20. Rc3 Rf4 21. Re1 a5 22. b5 Be7 23. g3 Rf8 24. Qd3 Qb6 25. Rec1 Bd8 26. Kg2 Qa7 27. Rc8 Rxc8 28. Rxc8 Be7 29. Rc7 Bd8 30. Rd7 Bb6 31. Rxd6 Bc5 32. Rd7 Qb6 33. d6 Nf5 34. Qd5+ Kh8 35. Qxc5 1-0


[Site "https://www.chess.com"]

[Event "Titled Tuesday Blitz March 22 Late 2022"]
[White "Donchenko, Anatoly"]
[Black "Mekhitarian, Krikor Sevag"]
[WhiteFideId "4106091"]
[BlackFideId "2107660"]
[WhiteElo "2339"]
[BlackElo "2598"]
[Result "1-0"]
[Round "05"]
[TimeControl "180+1"]
[Date "2022.03.22"]
[WhiteClock "0:01:53"]
[BlackClock "0:01:35"]

1. Nf3 d5 2. d4 Bf5 3. c4 e6 4. Nc3 Nf6 5. Bg5 c6 6. e3 Nbd7 7. Bd3 Bg6 8. O-O Be7 9. Qe2 Ne4 10. Bxe7 Qxe7 11. Bxe4 dxe4 12. Nd2 f5 13. f3 exf3 14. Nxf3 O-O 15. Rad1 e5 16. d5 Rae8 17. e4 fxe4 18. Nxe4 Bxe4 19. Qxe4 Rf4 20. Qe3 Rxc4 21. dxc6 Rxc6 22. Qb3+ Qe6 23. Qxe6+ Rcxe6 24. Rxd7 e4 25. Nd4 R6e7 26. Rxe7 Rxe7 27. Kf2 1-0


[Site "https://www.chess.com"]

[Event "Titled Tuesday Blitz March 22 Late 2022"]
[White "Fedoseev, Vladimir"]
[Black "Kamsky, Gata"]
[WhiteFideId "24130737"]
[BlackFideId "2000024"]
[WhiteElo "2726"]
[BlackElo "2645"]
[Result "1-0"]
[Round "05"]
[TimeControl "180+1"]
[Date "2022.03.22"]
[WhiteClock "0:00:20"]
[BlackClock "0:00:17"]

1. e4 e5 2. Nf3 Nc6 3. Bb5 Nf6 4. O-O Nxe4 5. Re1 Nd6 6. Nxe5 Be7 7. Bf1 Nf5 8. Nf3 O-O 9. d4 d5 10. a3 Nh4 11. Nxh4 Bxh4 12. g3 Bf6 13. c3 Ne7 14. a4 a5 15. Bd3 Bf5 16. Bf4 Bxd3 17. Qxd3 c6 18. Nd2 Ng6 19. Be3 Qd7 20. Nf3 Rfe8 21. Kg2 Re6 22. h4 h6 23. h5 Nf8 24. Bf4 Rxe1 25. Rxe1 Re8 26. Rxe8 Qxe8 27. Bc7 Bd8 28. Bxd8 Qxd8 29. Qf5 Qd7 30. Qf4 Qd8 31. Ne5 f6 32. Nd3 Qe8 33. Qf5 Qe6 34. Qf3 Nd7 35. Nf4 Qe8 36. Qg4 Nf8 37. Qf5 Qd7 38. Qxd7 Nxd7 39. Ne6 Nb6 40. Nc5 Nc4 41. b3 Nd6 42. Kf3 Kf7 43. Ke3 Ke7 44. g4 b6 45. Nd3 Ne4 46. c4 Kd6 47. cxd5 cxd5 48. f3 Ng5 49. Nf4 Kc6 50. Ng6 Ne6 51. Ne7+ Kd6 52. Nf5+ Kd7 53. f4 Kc7 54. g5 fxg5 55. fxg5 hxg5 56. Kf3 Kd7 57. Kg4 Ke8 58. Nxg7+ Nxg7 59. h6 1-0


[Site "https://www.chess.com"]

[Event "Titled Tuesday Blitz March 22 Late 2022"]
[White "Fernandez, Daniel Howard"]
[Black "Petrova, Irina"]
[WhiteFideId "5801605"]
[BlackFideId "14124122"]
[WhiteElo "2466"]
[BlackElo "1993"]
[Result "1-0"]
[Round "05"]
[TimeControl "180+1"]
[Date "2022.03.22"]
[WhiteClock "0:02:01"]
[BlackClock "0:01:40"]

1. e4 d6 2. d4 Nf6 3. Nc3 e5 4. Nf3 Nbd7 5. Rg1 g6 6. g4 Bg7 7. Be3 O-O 8. Qd2 exd4 9. Nxd4 Nc5 10. f3 a6 11. O-O-O b5 12. e5 dxe5 13. Ndxb5 Qxd2+ 14. Rxd2 Nb3+ 15. cxb3 axb5 16. Bc5 Re8 17. Bxb5 Bb7 18. Bxe8 Rxe8 19. g5 Nh5 20. Rgd1 Bxf3 21. Rd8 1-0


[Site "https://www.chess.com"]

[Event "Titled Tuesday Blitz March 22 Late 2022"]
[White "Fernandez Siles, Luis"]
[Black "Perera Alfonso, Rene Humberto"]
[WhiteFideId "2209420"]
[BlackFideId "3514722"]
[WhiteElo "2212"]
[BlackElo "2313"]
[Result "0-1"]
[Round "05"]
[TimeControl "180+1"]
[Date "2022.03.22"]
[WhiteClock "0:00:01"]
[BlackClock "0:00:59"]

1. d4 d5 2. c4 c6 3. cxd5 cxd5 4. Bf4 Nf6 5. e3 Nc6 6. Nc3 Bf5 7. Qb3 Qb6 8. Qxb6 axb6 9. Bb5 e6 10. Nf3 Bb4 11. Ne5 Rc8 12. O-O Ke7 13. Rfc1 Nxe5 14. Bxe5 Bxc3 15. bxc3 Ne4 16. c4 f6 17. Bg3 Nxg3 18. hxg3 Bd3 19. Rc3 Bxc4 20. Rac1 Rc7 21. e4 Rhc8 22. exd5 exd5 23. Bxc4 Rxc4 24. Re3+ Kf8 25. Rb1 Rc1+ 26. Rxc1 Rxc1+ 27. Kh2 Rc6 28. g4 Kf7 29. Kg3 Re6 30. Rb3 Ke7 31. Rb5 Rd6 32. Kf4 Kd7 33. a4 Kc6 34. f3 Re6 35. Rb2 Re1 36. Rc2+ Kd7 37. Rb2 Kc7 38. Rc2+ Kd7 39. Rb2 Re6 40. Rb5 Kc6 41. Rb2 g6 42. Rc2+ Kd7 43. Rb2 Rc6 44. Kg3 Kc7 45. Re2 Kd6 46. Rb2 Kd7 47. Rb5 Rd6 48. Kf4 Kc6 49. g5 fxg5+ 50. Kxg5 Re6 51. Rb2 Re3 52. Rc2+ Kd7 53. Rb2 Kc7 54. Rc2+ Kb8 55. Rb2 Kc7 56. Rc2+ Kd7 57. Rb2 Re6 58. Kh6 Kc7 59. Kxh7 g5 60. Rb5 Kc6 61. Rb2 Kd7 62. Kg7 Ke7 63. Rc2 Kd7 64. Kf7 Re3 0-1


[Site "https://www.chess.com"]

[Event "Titled Tuesday Blitz March 22 Late 2022"]
[White "Fishbein, Alexander"]
[Black "Sliwicki, Damian"]
[WhiteFideId "2000377"]
[BlackFideId "1127128"]
[WhiteElo "2442"]
[BlackElo "2067"]
[Result "1/2-1/2"]
[Round "05"]
[TimeControl "180+1"]
[Date "2022.03.22"]
[WhiteClock "0:00:06"]
[BlackClock "0:00:07"]

1. e4 c5 2. Nf3 g6 3. c4 Nc6 4. d4 cxd4 5. Nxd4 Nf6 6. Nc3 Nxd4 7. Qxd4 d6 8. f3 Bg7 9. Be3 O-O 10. Qd2 Be6 11. Rc1 Qa5 12. Be2 Rac8 13. b3 Rfd8 14. O-O a6 15. Rfd1 Nd7 16. Bf1 f5 17. exf5 Bxf5 18. Qd5+ Qxd5 19. Nxd5 Kf7 20. Bg5 Nf6 21. Nb6 Rc6 22. c5 Nd7 23. Bc4+ Be6 24. Bxe6+ Kxe6 25. Re1+ Be5 26. f4 Nxb6 27. fxe5 dxc5 28. Be3 Rd5 29. b4 Nd7 30. bxc5 Nxc5 31. Rb1 Rxe5 32. Bxc5 Rxc5 33. Rxe5+ Rxe5 34. Rxb7 Re2 35. Rb6+ Kd5 36. Rxa6 e5 37. Kf1 Rb2 38. Ra8 Ke4 39. h3 Ke3 40. Ra3+ Kf4 41. g3+ Ke4 42. Ra4+ Kf3 43. Ra3+ Ke4 44. Ra4+ Kf5 45. g4+ Kg5 46. Kg1 h5 47. gxh5 gxh5 48. h4+ Kf5 49. Kf1 e4 50. Ra8 Kf4 51. Ra3 e3 52. Ra8 Kf3 53. Rf8+ Kg3 54. a4 Kxh4 55. Re8 Rb3 56. Ke2 Ra3 57. Rxe3 Rxa4 58. Kf2 Rg4 59. Rf3 Rg8 60. Rf4+ Kg5 61. Rf3 h4 62. Kg2 Ra8 63. Kh2 Ra2+ 64. Kh1 Kg4 65. Rf1 Kg3 66. Rc1 Rh2+ 67. Kg1 Rg2+ 68. Kh1 Kh3 69. Rc3+ Rg3 70. Rc1 Re3 71. Rd1 Kg3 72. Rc1 h3 73. Rg1+ Kf2 74. Rb1 Kg3 75. Rg1+ Kh4 76. Kh2 Re2+ 77. Kh1 Rd2 78. Rb1 h2 79. Rb4+ Kh3 80. Rb3+ Kg4 81. Rb4+ Kg3 82. Rb3+ Kf4 83. Rb4+ Ke3 84. Rb3+ Kd4 85. Rh3 Re2 86. Rxh2 Re1+ 87. Kg2 Re2+ 88. Kg3 Rxh2 89. Kxh2 1/2-1/2


[Site "https://www.chess.com"]

[Event "Titled Tuesday Blitz March 22 Late 2022"]
[White "Godzwon, Iwo"]
[Black "Svicevic, Rastko"]
[WhiteFideId "21802483"]
[BlackFideId "916315"]
[WhiteElo "2201"]
[BlackElo "2132"]
[Result "1-0"]
[Round "05"]
[TimeControl "180+1"]
[Date "2022.03.22"]
[WhiteClock "0:00:12"]
[BlackClock "0:00:02"]

1. e4 c6 2. d4 d5 3. e5 c5 4. dxc5 Nc6 5. Nf3 Bg4 6. c3 Bxf3 7. Qxf3 Nxe5 8. Bb5+ Nc6 9. c4 Nf6 10. Nc3 e6 11. O-O Bxc5 12. cxd5 exd5 13. Bg5 Be7 14. Bxf6 Bxf6 15. Nxd5 O-O 16. Nxf6+ Qxf6 17. Qxf6 gxf6 18. Bxc6 bxc6 19. Rac1 Rab8 20. Rc2 Rb6 21. Rfc1 Rd8 22. Kf1 Rd6 23. b3 Kf8 24. Ke2 Ke7 25. Rc3 Re6+ 26. Kf1 Rd6 27. R1c2 Re6 28. Rh3 a5 29. Rc4 Rd6 30. Rxh7 Rd1+ 31. Ke2 Ra1 32. Ra4 Rb5 33. Rhh4 Re5+ 34. Kf3 f5 35. Rhc4 Kd6 36. Rd4+ Kc7 37. Rd3 Kb6 38. h4 Rh1 39. Re3 Rc5 40. g3 Rc2 41. Re2 Rc3+ 42. Kg2 Rd1 43. Rf4 Rd5 44. Re7 Rc2 45. Rxf7 Rxa2 46. h5 Rb2 47. h6 Rxb3 48. h7 Rd8 49. R4xf5 Rh8 50. Rg7 Rb5 51. Rff7 Rh5 52. g4 Rh4 53. g5 a4 54. g6 a3 55. Rb7+ Kc5 56. Ra7 Kb4 57. Rg8 Rg4+ 58. Kf3 1-0


[Site "https://www.chess.com"]

[Event "Titled Tuesday Blitz March 22 Late 2022"]
[White "Goltsev, Dmitry"]
[Black "Gatterer, Florian"]
[WhiteFideId "24176710"]
[BlackFideId "811688"]
[WhiteElo "2273"]
[BlackElo "2218"]
[Result "1-0"]
[Round "05"]
[TimeControl "180+1"]
[Date "2022.03.22"]
[WhiteClock "0:01:51"]
[BlackClock "0:00:17"]

1. e4 e5 2. Nf3 Nc6 3. Bb5 Nf6 4. O-O Nxe4 5. d4 Nd6 6. Bxc6 dxc6 7. dxe5 Nf5 8. Qxd8+ Kxd8 9. Rd1+ Ke8 10. Bg5 Be7 11. Nc3 Be6 12. Rd2 Rd8 13. Rad1 Rxd2 14. Rxd2 h6 15. Bxe7 Nxe7 16. b3 Nd5 17. Ne4 b6 18. c4 Ne7 19. h3 Bf5 20. Nc3 Ng6 21. Nd4 Bd7 22. g3 a6 23. f4 c5 24. Nde2 Bc6 25. Nd5 Bxd5 26. cxd5 Kd7 27. Nc3 Re8 28. Ne4 f5 29. Nf2 Kc8 30. Nd1 Rd8 31. Ne3 Ne7 32. d6 cxd6 33. exd6 Nc6 34. Nxf5 Nd4 35. Nxd4 cxd4 36. Rxd4 Kd7 37. Kf2 Rc8 38. Rd2 Rc3 39. h4 h5 40. Kg2 g6 41. Kh3 a5 42. Rd5 Rc2 43. a4 Rc6 44. f5 gxf5 45. Rxf5 Rxd6 46. Rxh5 Rd3 47. Rb5 Kc6 48. h5 Rd1 49. Kg4 Rh1 50. Kg5 Kc7 51. g4 Kc6 52. Kg6 Kc7 53. g5 Kc6 54. h6 Kc7 55. Kg7 Kc6 56. g6 Kc7 57. h7 Kc6 58. h8=Q Kc7 59. Qxh1 Kd6 60. Qd5+ Kc7 61. Qe6 Kb7 62. Qxb6+ Kc8 63. Qc6+ Kd8 64. Rb8+ Ke7 65. Rb7+ Kd8 66. Qd7# 1-0


[Site "https://www.chess.com"]

[Event "Titled Tuesday Blitz March 22 Late 2022"]
[White "Golubev, Mikhail"]
[Black "Muetsch, Annmarie"]
[WhiteFideId "14100983"]
[BlackFideId "12971367"]
[WhiteElo "2374"]
[BlackElo "2249"]
[Result "0-1"]
[Round "05"]
[TimeControl "180+1"]
[Date "2022.03.22"]
[WhiteClock "0:00:01"]
[BlackClock "0:00:38"]

1. e4 c5 2. Nf3 Nc6 3. Nc3 e5 4. Bc4 d6 5. d3 Be7 6. O-O Nf6 7. Ng5 O-O 8. f4 exf4 9. Bxf4 Ne5 10. Bxe5 dxe5 11. Qe1 h6 12. Nf3 a6 13. a4 Nh5 14. Kh1 Bd6 15. a5 Nf4 16. Nd5 Nxd5 17. Bxd5 Bc7 18. Qg3 Qd6 19. Nh4 g5 20. Nf5 Bxf5 21. Rxf5 Kg7 22. h4 f6 23. h5 Rad8 24. Rf2 f5 25. Bxb7 f4 26. Qg4 Rb8 27. Bd5 Rxb2 28. Bb3 Qd4 29. Qe6 Rxb3 30. Qg6+ Kh8 31. Qxh6+ Kg8 0-1


[Site "https://www.chess.com"]

[Event "Titled Tuesday Blitz March 22 Late 2022"]
[White "Goryachkina, Aleksandra"]
[Black "Abdrlauf, Elham"]
[WhiteFideId "4147103"]
[BlackFideId "1533533"]
[WhiteElo "2426"]
[BlackElo "2334"]
[Result "0-1"]
[Round "05"]
[TimeControl "180+1"]
[Date "2022.03.22"]
[WhiteClock "0:00:01"]
[BlackClock "0:01:03"]

1. e4 c6 2. d4 d5 3. Nd2 dxe4 4. Nxe4 Nf6 5. Nxf6+ exf6 6. c3 Bd6 7. Bd3 O-O 8. Qc2 Re8+ 9. Ne2 h5 10. Be3 Nd7 11. O-O-O Nf8 12. Kb1 Be6 13. c4 Rc8 14. Nc3 b5 15. c5 b4 16. Ne2 Bc7 17. Be4 Bd5 18. Bxd5 Qxd5 19. Rhg1 f5 20. h3 Ng6 21. g4 hxg4 22. hxg4 f4 23. Bc1 Qf3 24. Rd2 a5 25. Qf5 Rcd8 26. Re1 Qe4+ 27. Qxe4 Rxe4 28. Kc2 f3 29. Kd3 Rxe2 30. Rexe2 Nf4+ 0-1


[Site "https://www.chess.com"]

[Event "Titled Tuesday Blitz March 22 Late 2022"]
[White "Halkias, Stelios"]
[Black "Zanette, Edgard Vinicius"]
[WhiteFideId "4201809"]
[BlackFideId "2109263"]
[WhiteElo "2453"]
[BlackElo "2182"]
[Result "1-0"]
[Round "05"]
[TimeControl "180+1"]
[Date "2022.03.22"]
[WhiteClock "0:01:18"]
[BlackClock "0:00:04"]

1. e4 e5 2. Nf3 Nc6 3. Bc4 Bc5 4. c3 Nf6 5. d3 d6 6. O-O a6 7. a4 Ba7 8. Re1 h6 9. h3 O-O 10. Nbd2 Be6 11. b4 Bxc4 12. Nxc4 b5 13. Ne3 Ne7 14. Qc2 c5 15. bxc5 Bxc5 16. d4 exd4 17. cxd4 Bb4 18. Bd2 Rc8 19. Qd3 Bxd2 20. Nxd2 Qb6 21. Reb1 Rb8 22. Nf3 d5 23. e5 Ne4 24. Rb2 Ng5 25. Nxg5 hxg5 26. axb5 a5 27. Ra4 Rfc8 28. Kh2 Rc1 29. Qd2 Rbc8 30. Rxa5 g4 31. Ra6 Qb8 32. Nxg4 Ng6 33. Qg5 Rd1 34. b6 Rcc1 35. b7 Rh1+ 36. Kg3 Rc3+ 37. f3 1-0


[Site "https://www.chess.com"]